Map: Backwater LE

Players

Classic - Winner!

  • Race: Protoss Protoss
  • Spawn Location: 11:00

Neeb

  • Race: Protoss Protoss
  • Spawn Location: 5:00

Event: WESG 2017 Haikou

VOD

Have the link to the VOD?

Description

Time

  • Played on: March 15, 2018, 4:22 a.m.
  • Length: 10:13

All games in this series

Show
View Real Time Build Order
Export as new Build Order

Classic Protoss - Winner!

Build Orders: Phoenix Opening 

Get SALT Encoding   

  12  0:00  Probe  
  13  0:12  Probe  
  14  0:17  Pylon  
  14  0:24  Probe  
  15  0:35  Gateway  
  15  0:37  Probe (Chrono Boost)  
  16  0:46  Probe (Chrono Boost)  
  16  0:47  Assimilator  
  17  0:51  Probe (Chrono Boost)  
  17  0:55  Assimilator  
  18  1:03  Probe (Chrono Boost)  
  20  1:11  Probe (Chrono Boost)  
  20  1:14  Gateway  
  20  1:17  Probe  
  20  1:24  Cybernetics Core  
  21  1:29  Probe  
  22  1:36  Pylon  
  22  1:41  Probe  
  23  1:54  Probe  
  23  2:00  Stalker  
  26  2:01  Stalker  
  26  2:04  Warp Gate  
  28  2:13  Pylon  
  28  2:21  Stargate  
  28  2:33  Stalker  
  30  2:38  Stalker  
  32  3:03  Phoenix (Chrono Boost)  
  34  3:13  Nexus  
  34  3:21  Phoenix  
  34  3:45  Robotics Facility  
  34  3:46  Phoenix (Chrono Boost)  
  34  3:53  Probe  
  35  4:01  Pylon  
  35  4:02  Phoenix (Chrono Boost)  
  35  4:05  Probe  
  38  4:17  Probe  
  38  4:24  Phoenix (Chrono Boost)  
  38  4:25  Probe  
  38  4:29  Probe  
  42  4:31  Stalker  
  42  4:37  Probe  
  45  4:41  Probe  
  45  4:42  Robotics Facility  
  46  4:53  Probe  
  46  4:55  Probe  
  46  4:58  Stalker  
  50  5:03  Stalker  
  48  5:07  Probe x2 (Chrono Boost)  
  48  5:18  Probe x2 (Chrono Boost)  
  50  5:23  Probe (Chrono Boost)  
  50  5:24  Probe (Chrono Boost), Pylon  
  52  5:31  Probe, Observer  
  52  5:34  Probe  
  55  5:36  Assimilator  
  55  5:39  Assimilator  
  55  5:44  Probe  
  55  5:45  Forge  
  55  5:46  Probe  
  57  5:58  Immortal (Chrono Boost)  
  61  6:05  Probe x2  
  61  6:11  Pylon  
  61  6:12  Protoss Ground Weapons Level 1 (Chrono Boost)  
  61  6:15  Sentry  
  61  6:17  Probe x2  
  65  6:29  Probe x2  
  65  6:33  Immortal  
  65  6:37  Sentry  
  71  6:41  Probe  
  71  6:42  Probe  
  71  6:46  Nexus  
  73  6:49  Pylon  
  73  6:54  Probe x2  
  74  7:01  Twilight Council  
  75  7:06  Probe  
  75  7:07  Probe  
  77  7:16  Observer  
  77  7:18  Gateway x2  
  77  7:21  Probe x2  
  77  7:22  Gateway  
  80  7:30  Gateway  
  80  7:38  Pylon  
  80  7:40  Templar Archives  
  80  7:44  Charge  
  80  7:47  Gateway  
  80  7:48  Gateway  
  80  7:51  Probe x2  
  80  7:56  Protoss Ground Weapons Level 2 (Chrono Boost)  
  82  8:02  Warp Prism  
  82  8:03  Probe  
  87  8:12  Probe x2  
  87  8:16  Probe  
  87  8:17  Pylon  
  88  8:20  High Templar  
  88  8:21  High Templar  
  88  8:24  Probe, Assimilator x2  
  88  8:25  Probe  
  94  8:28  Probe  
  94  8:30  High Templar x2  
  99  8:35  Archon x2, Pylon  
  99  8:38  Zealot  
  99  8:39  Pylon  
  101  8:46  Pylon  
  101  8:49  Pylon  
  101  8:53  Zealot x5  
  111  8:59  High Templar  
  113  9:04  Zealot, Pylon x2, High Templar  
  113  9:07  Assimilator x2  
  113  9:08  Archon  
  117  9:14  Zealot x5  
  127  9:27  Pylon  
  127  9:29  High Templar  
  129  9:32  High Templar  
  129  9:36  Archon  
  129  9:37  Zealot x6  
  143  9:45  Pylon  
  143  10:00  Zealot x4  
  143  10:01  Zealot x2  
  143  10:04  Zealot x2  
Show
View Real Time Build Order
Export as new Build Order

Neeb Protoss 

Build Orders: Oracle Opening, Archon Immortal 

Get SALT Encoding   

  12  0:00  Probe  
  13  0:12  Probe  
  14  0:19  Pylon  
  14  0:25  Probe  
  15  0:37  Probe (Chrono Boost)  
  15  0:39  Gateway  
  16  0:43  Assimilator  
  16  0:47  Probe (Chrono Boost)  
  17  0:52  Probe (Chrono Boost)  
  17  0:55  Assimilator  
  18  1:04  Probe (Chrono Boost)  
  19  1:07  Gateway  
  19  1:11  Probe (Chrono Boost)  
  20  1:18  Probe  
  21  1:26  Cybernetics Core  
  21  1:31  Probe  
  22  1:35  Pylon  
  22  1:43  Probe  
  23  1:55  Probe  
  24  2:02  Stalker  
  24  2:03  Stalker, Warp Gate  
  28  2:10  Pylon  
  28  2:31  Stargate  
  28  2:32  Stalker  
  30  2:39  Stalker  
  30  2:41  Probe  
  32  3:06  Nexus  
  33  3:13  Oracle (Chrono Boost)  
  33  3:19  Probe  
  36  3:27  Shield Battery  
  36  3:31  Probe  
  37  3:40  Oracle (Chrono Boost)  
  36  3:51  Shield Battery  
  36  3:53  Gateway  
  36  3:54  Probe  
  35  4:03  Pylon  
  35  4:06  Probe  
  35  4:07  Stalker  
  38  4:13  Stalker  
  37  4:18  Probe  
  37  4:24  Nexus  
  38  4:30  Probe  
  39  4:32  Stalker  
  41  4:39  Stalker  
  41  4:42  Probe  
  41  4:55  Probe  
  42  5:07  Probe (Chrono Boost)  
  42  5:08  Stalker  
  42  5:09  Stalker  
  43  5:19  Probe (Chrono Boost)  
  44  5:23  Twilight Council  
  44  5:25  Probe (Chrono Boost)  
  45  5:32  Stalker  
  48  5:35  Probe (Chrono Boost)  
  48  5:37  Probe (Chrono Boost)  
  48  5:39  Pylon  
  49  5:43  Sentry  
  49  5:46  Probe (Chrono Boost)  
  49  5:47  Probe (Chrono Boost)  
  53  5:51  Probe (Chrono Boost)  
  54  5:57  Stalker  
  51  6:04  Probe  
  51  6:06  Probe  
  51  6:09  Sentry  
  51  6:10  Blink (Chrono Boost)  
  54  6:16  Probe  
  54  6:18  Probe  
  55  6:28  Probe  
  55  6:30  Probe  
  56  6:39  Nexus  
  56  6:42  Probe (Chrono Boost), Sentry  
  56  6:43  Probe (Chrono Boost)  
  56  6:44  Pylon  
  60  6:52  Assimilator, Phoenix  
  60  6:53  Probe (Chrono Boost)  
  62  6:56  Probe (Chrono Boost), Assimilator  
  62  6:58  Probe (Chrono Boost)  
  62  7:00  Pylon  
  63  7:04  Probe  
  65  7:08  Probe  
  65  7:14  Pylon  
  65  7:16  Probe  
  65  7:20  Probe  
  67  7:29  Probe  
  68  7:32  Probe  
  68  7:36  Stalker x2  
  73  7:41  Probe  
  73  7:43  Forge  
  74  7:44  Probe  
  74  7:45  Forge, Pylon  
  74  7:51  Probe  
  76  7:53  Charge (Chrono Boost), Probe  
  76  7:57  Probe  
  76  8:03  Probe  
  76  8:05  Probe  
  77  8:09  Probe  
  77  8:11  Robotics Facility  
  77  8:12  Robotics Facility  
  78  8:13  Protoss Ground Weapons Level 1 (Chrono Boost)  
  78  8:15  Protoss Ground Armor Level 1 (Chrono Boost), Probe  
  78  8:17  Probe  
  80  8:21  Probe  
  81  8:27  Probe  
  81  8:29  Probe  
  81  8:33  Probe, Assimilator  
  84  8:34  Sentry  
  84  8:37  Pylon  
  84  8:39  Assimilator  
  87  8:42  Gateway  
  87  8:44  Gateway  
  87  8:45  Gateway  
  87  8:47  Gateway  
  89  8:49  Templar Archives  
  86  8:56  Immortal x2 (Chrono Boost)  
  94  9:11  Zealot x2  
  94  9:15  Gateway  
  94  9:17  Gateway  
  98  9:24  Pylon  
  98  9:26  Immortal (Chrono Boost), Pylon  
  106  9:36  Immortal (Chrono Boost)  
  106  9:47  High Templar x2  
  106  9:48  Zealot x2, High Templar x2  
  106  9:52  Archon x2  
  118  9:55  Shield Battery  
  118  9:57  Shield Battery  
Tags
 
Add a new tag
Caveats
  • Supply blocks, unpowered buildings, or Contaminate may cause inaccurate times.
  • Supply counts are checked every 10 seconds.